 Dungeon Crawl Stone Soup version 0.31-a0-426-g3a05650e59 (webtiles) character file.

Game seed: 16668520706085833456

219 Maxmaps the Trooper (level 5, -2/37 HPs)
             Began as an Octopode Shapeshifter on July 30, 2023.
             Was an Initiate of Gozag.
             Slain by a gnoll
             ... wielding a +0 flail of protection
             ... led by a gnoll sergeant
              (8 damage)
             ... on level 5 of the Dungeon.
             The game lasted 00:03:09 (3132 turns).

Maxmaps the Trooper (Octopode Shapeshifter)         Turns: 3132, Time: 00:03:09

Health: -2/37      AC:  1    Str: 14    XL:     5   Next: 96%
Magic:  5/5        EV: 13    Int: 13    God:    Gozag
Gold:   128        SH:  0    Dex: 12    Spells: 4/4 levels left

rFire   . . .        e - +0 dagger (venom)
rCold   . . .        (no shield)
rNeg    . . .        p - melded +0 hat of Erofeor {Regen+}
rPois   .            (no amulet)
rElec   .            (no ring)
rCorr   .            (no ring)
SInv    .            (no ring)
Will    .....        (no ring)
Stlth   ++           (no ring)
HPRegen 0.26/turn    (no ring)
MPRegen 0.09/turn    (no ring)
                     (no ring)

%: no passive effects
@: beast-form
A: beast (slay +2), almost no armour, amphibious, 8 rings, camouflage 1,
gelatinous body 1, (nimble swimmer 1), tentacles
a: Begin Untransformation, Renounce Religion, Potion Petition, Call Merchant,
Bribe Branch


You were on level 5 of the Dungeon.
You worshipped Gozag.
Gozag was aware of your devotion.
You were a hulking beast.
You visited 1 branch of the dungeon, and saw 5 of its levels.

You collected 415 gold pieces.
You spent 234 gold pieces at shops.
You paid 53 gold pieces to Gozag.

Inventory:

Hand Weapons
 e - a +0 dagger of venom (weapon)
Armour
 p - the +0 hat of Erofeor (melded) {Regen+}
   (You bought it in a shop on level 5 of the Dungeon)

   Regen:     It increases your rate of health regeneration.
Jewellery
 n - a ring of ice
Talismans
 b - a beast talisman (active)
Scrolls
 g - 8 scrolls of identify {unknown}
 h - 2 scrolls of fear {unknown}
 j - 2 scrolls of amnesia {unknown}
 m - a scroll of revelation {unknown}
 o - 2 scrolls of teleportation {unknown}
Potions
 a - a potion of lignification
 c - a potion of might {unknown}
 d - 4 potions of curing {unknown}
 f - a potion of mutation {unknown}
 i - a potion of enlightenment {unknown}
 k - a potion of ambrosia {unknown}
 l - a potion of berserk rage {unknown}


   Skills:
 - Level 4.1 Fighting
 - Level 3.1 Short Blades
 - Level 2.0 Dodging
 - Level 3.0 Unarmed Combat
 + Level 3.3 Shapeshifting


You had 4 spell levels left.
You didn't know any spells.
Your spell library contained the following spells:

 Spells                   Type           Power      Damage    Failure   Level
 Magic Dart               Conj           0%         1d3       30%         1
 Call Imp                 Summ           0%         N/A       43%         2
 Mephitic Cloud           Conj/Pois/Air  0%         N/A       67%         3


Dungeon Overview and Level Annotations

Branches:
Dungeon (5/15)             Temple (0/1) D:4

Altars:
Fedhas
Gozag
Okawaru
Uskayaw

Shops:
D:5 [


Innate Abilities, Weirdness & Mutations

You are a hulking beast.
Your limbs bulge with bestial killing power. (Slay +2)
You cannot wear most types of armour.
You are amphibious.
You can wear up to eight rings at the same time.
Your skin changes colour to match your surroundings (Stealth+).
Your rubbery body absorbs attacks. (AC +1, EV +1)
((You are camouflaged when in or above water. (Stealth+)))
You have tentacles for arms and can constrict up to eight enemies at once.


Message History

You can't wear that in your present form.
You begin untransforming.
You continue untransforming. x3
Your transformation has ended.
You start putting on your armour.
You continue putting on the +0 hat of Erofeor {Regen+}. x4
You finish putting on the +0 hat of Erofeor {Regen+}.
The hat of Erofeor throbs as it attunes itself to your uninjured body.
You begin transforming.
You continue transforming. x3
You turn into a hulking beast.
The +0 hat of Erofeor {Regen+} melds into your body.
You open the door.
There is an open door here.
A gnoll comes into view. It is wielding a +0 whip.
The gnoll shouts!
A gnoll comes into view.
It is wielding a +0 flail of protection.
A gnoll comes into view. It is wielding a +0 club.
There are monsters nearby!
There are monsters nearby!
A gnoll sergeant comes into view. It is wielding a +0 spear.
The gnoll shouts!
There are monsters nearby!
Found a scroll labelled XOMOONLURA.
The gnoll throws a throwing net.
The throwing net hits you.
You become entangled in the net!
You see here a throwing net.
Unknown command.
You struggle against the net.
The gnoll hits you with a +0 flail of protection!
You tear a large gash into the net.
The gnoll hits you but does no damage. The gnoll hits you with a +0 whip.
You rip the net and break free!
The gnoll hits you with a +0 whip!
The gnoll hits you with a +0 flail of protection!
* * * LOW HITPOINT WARNING * * *
You hit the gnoll but do no damage.
The gnoll is poisoned.
You grab the gnoll. You constrict the gnoll.
You hit the gnoll but do no damage.
The gnoll is lightly wounded.
You constrict the gnoll, but do no damage.
The gnoll hits you with a +0 flail of protection!
You die...
Your body crumbles into a pile of gold.

.......<.∩.>.......#
..............#.####
$.....###.8..#.#.#
####......###.#.#
#......'...#.#
#......#####.#
#.####.# #.#
#.####.#####.#
#.ggh........#
......g###.#####.#
..g...? #.# .......
#.# ♣♣P.~~. #.#
P..P~~. #.# .♣♣.P..
#.# ♣♣... ##


You could see a gnoll sergeant and 3 gnolls.

Vanquished Creatures
  A scorpion (D:4)
  An orc priest (D:4)
  6 adders
  A worm (D:3)
  3 orcs (D:4)
  6 ball pythons
  5 bats
  10 endoplasms
  2 giant cockroaches
  7 hobgoblins
  4 jackals (D:2)
  2 quokkas (D:1)
  7 goblins
  8 kobolds
  3 rats
66 creatures vanquished.

Notes
Turn   | Place    | Note
-------+----------+-------------------------------------------
     0 | D:1      | Maxmaps the Octopode Shapeshifter began the quest for the
                  | Orb.
     0 | D:1      | Reached XP level 1. HP: 13/13 MP: 1/1
   106 | D:1      | Reached skill level 2 in Fighting
   106 | D:1      | Reached XP level 2. HP: 16/19 MP: 2/2
   277 | D:1      | Found a faded altar of an unknown god.
   424 | D:1      | Reached skill level 1 in Short Blades
   960 | D:2      | Reached XP level 3. HP: 9/24 MP: 3/3
  1172 | D:2      | Found a blossoming altar of Fedhas.
  1206 | D:2      | HP: 1/24 [goblin/+0 dagger (3)]
  1339 | D:2      | Reached XP level 4. HP: 29/29 MP: 4/4
  1956 | D:3      | Found an opulent altar of Gozag.
  1964 | D:3      | Became a worshipper of Gozag Ym Sagoz the Greedy
  2307 | D:3      | Found an iron altar of Okawaru.
  2405 | D:4      | Noticed a scorpion
  2409 | D:4      | Killed a scorpion
  2410 | D:4      | Reached skill level 3 in Fighting
  2410 | D:4      | Reached XP level 5. HP: 37/37 MP: 5/5
  2418 | D:4      | Reached skill level 4 in Fighting
  2629 | D:4      | Noticed a +0 dagger
  2630 | D:4      | Noticed a +0 dagger
  2634 | D:4      | Found a hide-covered altar of Uskayaw.
  2688 | D:4      | Found a staircase to the Ecumenical Temple.
  3064 | D:5      | Entered Level 5 of the Dungeon
  3064 | D:5      | Found Oleimp's Antique Armour Shoppe.
  3067 | D:5      | Bought a glimmering hat for 234 gold pieces
  3067 | D:5      | Identified the +0 hat of Erofeor {Regen+} (You bought it in
                  | a shop on level 5 of the Dungeon)
  3132 | D:5      | Slain by a gnoll

Illustrated notes

Levels and vault maps discovered:
D:1:      mrwooster_arrival_statue, layout_basic, basic_ecumenical_altar,
          feat_on_display
D:2:      layout_rooms, basic_altar, grunt_ministairs_6, supply_closet_lemuel
D:3:      layout_rooms, lemuel_round_altar, kennysheep_okawaru_gauntlet
D:4:      layout_rooms, dancing_weapons_uskayaw, minmay_temple_entry_fiery,
          minmay_hedge_maze
D:5:      layout_basic, nicolae_elyvilon_peaceful_grove, nicolae_stop_n_shop_2,
          nicolae_hexahallways, chequers_serial_rivers_small_3,
          minmay_misc_feat_tower, kennysheep_opposing_triangles

Skill      XL: |  1  2  3  4  5 |
---------------+----------------+-----
Fighting       | 2 3 4 |  4.1
Short Blades   | 1 2 3 |  3.1
Dodging        | |  2.0
Unarmed Combat | |  3.0
Shapeshifting  | |  3.3

Action                     |  1- 3 |  4- 6 || total
---------------------------+-------+-------++-------
  Melee: Unarmed           |    11 |       ||    11
         Tentacles         |    11 |    14 ||    25
         Constrict         |    13 |    18 ||    31
         Dagger            |    37 |    78 ||   115
         Punch             |     1 |     2 ||     3
   Stab: Sleeping          |     7 |     3 ||    10
         Distracted        |       |     1 ||     1
 Armour: Skin              |     4 |     3 ||     7
  Dodge: Dodged            |    21 |    50 ||    71
         Form:             |       |     1 ||     1
         Beast             |       |     1 ||     1

Table legend: (Time is in decaauts)
 A = Elapsed time spent in this place.
 B = Non-inter-level travel time spent in this place.
 C = Inter-level travel time spent in this place.
 D = Time resting spent in this place.
 E = Time spent auto-exploring this place.
 F = Levels seen in this place.
 G = Mean time per level.
                   A        B        C        D        E       F      G
               +--------+--------+--------+--------+--------+-----+--------+
         Total |   3117 |   2979 |    138 |    435 |   2119 |   5 |  623.4 |
       Dungeon |   3117 |   2979 |    138 |    435 |   2119 |   5 |  623.4 |
               +--------+--------+--------+--------+--------+-----+--------+

Top non-repeatable levels by time:
     D:1: 1025 daAuts
     D:2: 841 daAuts
     D:4: 652 daAuts
     D:3: 529 daAuts
     D:5: 67 daAuts
